 Dungeon Crawl Stone Soup version 0.29.0-13-gc9e81de378 (webtiles) character file.

Game seed: 3870734375027337588

1813 blackman the Carver (level 8, -8/62 HPs)
             Began as a Demigod Delver on Sept 8, 2022.
             Mangled by an ogre
             ... wielding a +0 giant club
              (25 damage)
             ... on level 5 of the Dungeon on Sept 9, 2022.
             The game lasted 00:12:14 (7059 turns).

blackman the Carver (Demigod Delver)                Turns: 7059, Time: 00:12:15

Health: -8/62      AC:  7    Str: 17    XL:     8   Next: 54%
Magic:  10/10      EV: 10    Int: 12    God:
Gold:   376        SH:  0    Dex: 23    Spells: 7/7 levels left

rFire   . . .      SeeInvis .   e - +7 long sword "Zoyjy" {freeze, rPois Str+4}
rCold   . . .      Faith    .   (no shield)
rNeg    + . .      Spirit   .   l - +0 scale mail
rPois   +          Reflect  .   (no helmet)
rElec   .          Harm     .   (no cloak)
rCorr   .          Rampage  .   (no gloves)
Will    .....                   q - +0 pair of boots
Stlth   ++........              (no amulet)
HPRegen 0.20/turn               t - ring of positive energy
MPRegen 0.12/turn               (no ring)

@: no status effects
A: high MP 1, forlorn, divine attributes
a: no special abilities


You were on level 5 of the Dungeon.
You visited 1 branch of the dungeon, and saw 8 of its levels.

You collected 376 gold pieces.

Inventory:

Hand Weapons
 a - a +0 hand axe
 e - the +7 long sword "Zoyjy" (weapon) {freeze, rPois Str+4}
   (You found it on level 4 of the Dungeon)

   It freezes those it strikes, dealing additional cold damage.
   It can also slow down cold-blooded creatures.
   Str:       It affects your strength (+4).
   rPois:     It protects you from poison.
Missiles
 d - 4 poisoned darts (quivered)
Armour
 b - a +0 leather armour
 l - a +0 scale mail (worn)
 q - a +0 pair of boots (worn)
Magical Staves
 h - a staff of death
Jewellery
 p - a ring of magical power
 t - a ring of positive energy (left hand)
 B - a +6 ring of intelligence
Wands
 g - a wand of digging (2)
Scrolls
 c - a scroll of fog
 i - 9 scrolls of identify {unknown}
 m - 3 scrolls of immolation {unknown}
 s - a scroll of torment {unknown}
 v - 2 scrolls of vulnerability {unknown}
 x - a scroll of enchant armour {unknown}
 y - a scroll of poison {unknown}
Potions
 f - 2 potions of haste
 k - 3 potions of curing
 n - a potion of resistance {unknown}
 o - a potion of lignification
 r - a potion of berserk rage {unknown}
 u - a potion of heal wounds {unknown}
 w - a potion of cancellation {unknown}
 z - 2 potions of might {unknown}
 A - a potion of magic {unknown}


   Skills:
 - Level 2.9 Fighting
 * Level 10.2 Long Blades
 - Level 2.1 Axes
 - Level 2.1 Dodging
 - Level 4.7 Stealth


You had 7 spell levels left.
You didn't know any spells.
Your spell library contained the following spells:

 Spells                   Type           Power      Damage    Failure   Level
 Apportation              Tloc           0%         N/A       77%         1
 Necrotise                Necr           0%         1d4       77%         1
 Sandblast                Erth           0%         2d4       77%         1
 Summon Small Mammal      Summ           0%         N/A       77%         1
 Ensorcelled Hibernation  Hex/Ice        0%         N/A       88%         2
 Passwall                 Tmut/Erth      0%         N/A       88%         2
 Spider Form              Tmut/Pois      0%         N/A       98%         3
 Stone Arrow              Conj/Erth      0%         3d7       98%         3
 Anguish                  Hex/Necr       0%         N/A       100%        4
 Blade Hands              Tmut           0%         N/A       100%        5
 Irradiate                Conj/Tmut      0%         3d11      100%        5
 Dragon Form              Tmut           0%         N/A       100%        7


Dungeon Overview and Level Annotations

Branches:
Dungeon (8/15)             Temple (0/1) D:4
   Lair: D:8-11

Shops:
D:5 *


Innate Abilities, Weirdness & Mutations

You have an increased reservoir of magic. (+10% MP)
You shall have no god before yourself.
Your divine heritage dramatically boosts your attributes as you level up.


Message History

The orc wizard shouts!
You slash the hound! You freeze the hound.
You kill the hound!
Unknown command.
Dowan points at you and mumbles some strange words.
The puff of frost misses you.
You barely miss Dowan. Dowan barely misses you.
You barely miss Dowan. You barely miss Duvessa. You slash Duvessa!
You freeze Duvessa!
Duvessa is severely wounded.
You hit Duvessa. You freeze Duvessa. You punch Duvessa.
You kill Duvessa!
Dowan screams, "No!
No!"
Dowan seems to find hidden reserves of power!
Dowan hits you with a +5 dagger of electrocution.
Your Long Blades skill increases to level 10!
You slice Dowan!! You freeze Dowan.
You kill Dowan!
You slash the orc! You freeze the orc.
You kill the orc!
You barely miss the ogre.
The ogre hits you with a +0 giant club!!
You slash the ogre! You freeze the ogre.
The ogre is heavily wounded.
The orc wizard gestures wildly while chanting.
The orc wizard flickers and vanishes!
Deactivating autopickup; reactivate with Ctrl-A.
You hit the ogre. You freeze the ogre.
The ogre is severely wounded.
The ogre hits you with a +0 giant club!!
* * * LOW HITPOINT WARNING * * *
You hit the ogre. You freeze the ogre.
The ogre is severely wounded.
The ogre barely misses you.
You barely miss the ogre.
The ogre is severely wounded.
You feel better.
The ogre hits you with a +0 giant club!!
You die...

# ### ##. ..####
###..w###...)####
#:...{O@...).....
###...###....###
..##.##...####
..# #..###
#.###.## ..
..#..# #s# #.#.##
#.# #.#.########
#.# #...##.....#


You could see an ogre and a dart slug.

Vanquished Creatures
  Grinder (D:6)
  Eustachio (D:6)
  Menkaure (D:6)
  Duvessa (D:5)
  A black bear (D:4)
  An ice beast (D:7)
  2 ogres
  2 phantoms
  A kobold brigand (D:7)
  A necrophage (D:8)
  2 bullfrogs (D:7)
  A scorpion (D:5)
  Dowan (D:5)
  2 howler monkeys
  2 hounds
  2 iguanas
  5 gnolls
  7 adders
  An ufetubus (D:6)
  2 worms
  2 dart slugs
  8 orcs
  4 endoplasms
  2 giant cockroaches
  3 goblins
  5 hobgoblins
  12 kobolds
  3 quokkas
  7 ball pythons
  9 bats
  2 frilled lizards
  A rat (D:3)
95 creatures vanquished.

Vanquished Creatures (collateral kills)
  A gnoll (D:4)
  An orc (D:4)
  A giant cockroach (D:4)
3 creatures vanquished.

Vanquished Creatures (others)
  2 gnolls (D:4)
  6 plants (D:3)
8 creatures vanquished.

Grand Total: 106 creatures vanquished

Notes
Turn   | Place    | Note
-------+----------+-------------------------------------------
     0 | D:5      | blackman the Demigod Delver began the quest for the Orb.
     0 | D:5      | Reached XP level 1. HP: 18/18 MP: 3/3
    18 | D:5      | Noticed a scorpion
    33 | D:5      | Noticed an iguana
    76 | D:4      | Reached XP level 2. HP: 2/25 MP: 4/4
    91 | D:4      | Identified the +7 long sword "Zoyjy" {freeze, rPois Str+4}
   451 | D:3      | Reached skill level 1 in Long Blades
  1067 | D:3      | Reached XP level 3. HP: 20/30 MP: 5/5
  1364 | D:4      | Reached skill level 2 in Long Blades
  1872 | D:4      | Reached XP level 4. HP: 37/37 MP: 6/6
  1978 | D:4      | Reached skill level 3 in Long Blades
  1993 | D:4      | Noticed an ogre
  2003 | D:4      | Killed an ogre
  2004 | D:4      | Reached skill level 4 in Long Blades
  2004 | D:4      | Reached XP level 5. HP: 13/44 MP: 7/7
  4016 | D:3      | Reached skill level 5 in Long Blades
  4020 | D:3      | Reached XP level 6. HP: 32/50 MP: 8/8
  4744 | D:4      | Found a staircase to the Ecumenical Temple.
  4973 | D:4      | Reached skill level 6 in Long Blades
  5378 | D:5      | Reached XP level 7. HP: 55/56 MP: 9/9
  5463 | D:5      | You fall into a shaft and drop 3 floors!
  5508 | D:8      | Noticed a yak
  5510 | D:8      | Noticed a yak
  5533 | D:7      | Reached skill level 7 in Long Blades
  5547 | D:7      | Reached skill level 8 in Long Blades
  6141 | D:6      | Noticed Grinder
  6168 | D:6      | Killed Grinder
  6169 | D:6      | Reached XP level 8. HP: 62/62 MP: 10/10
  6420 | D:6      | Noticed Eustachio
  6440 | D:6      | Noticed Menkaure
  6447 | D:6      | Killed Eustachio
  6448 | D:6      | Reached skill level 9 in Long Blades
  6455 | D:6      | Killed Menkaure
  7043 | D:5      | Noticed Duvessa
  7043 | D:5      | Noticed Dowan
  7051 | D:5      | Killed Duvessa
  7052 | D:5      | Reached skill level 10 in Long Blades
  7052 | D:5      | Killed Dowan
  7059 | D:5      | Mangled by an ogre

Illustrated notes

Levels and vault maps discovered:
D:1:      dpeg_arrival_boxorama, layout_basic,
          hellmonk_ecumenical_altar_lost_god
D:2:      layout_loops_ring
D:3:      layout_loops_cross, pdpol_wu_jian_five_deadly_venoms, serial_bayou,
          serial_bayou_ford_a, serial_bayou_crossing, serial_bayou_pond_e,
          serial_bayou_pond_e, minmay_misc_feat_enclosed
D:4:      layout_rooms, minmay_temple_entry_slanted, grunt_decor_arrowhead
D:5:      minmay_general_purpose_star, layout_basic, serial_shops,
          nicolae_stop_n_shop_1, uniq_duvessa
D:6:      layout_basic, uniq_eustachio, uniq_grinder, uniq_menkaure
D:7:      nzn_winding_woodlands_large [nzn_winding_woodlands_5x5_checkerboard,
          nzn_winding_woodlands_5x15_crooked, nzn_winding_woodlands_5x5_default,
          nzn_winding_woodlands_center_lodge,
          nzn_winding_woodlands_15x15_thick_spiral,
          nzn_winding_woodlands_center_garden, nzn_winding_woodlands_5x5_cross,
          nzn_winding_woodlands_5x15_eye, nzn_winding_woodlands_5x5_open_star],
          layout_basic
D:8:      layout_loops_cross, marbit_many_paths, kennysheep_ying_yang,
          nicolae_kite_square_tiling_tiny

Skill      XL: |  1  2  3  4  5  6  7  8 |
---------------+-------------------------+-----
Axes           | 2 |  2.1
Dodging        | 2 |  2.1
Long Blades    | 1 2 4 5 6 8 10 | 10.2
Fighting       | |  2.9
Stealth        | |  4.7

Action                   |  1- 3 |  4- 6 |  7- 9 || total
-------------------------+-------+-------+-------++-------
Melee: Hand axe          |     1 |       |       ||     1
       Long sword        |    39 |   102 |    71 ||   212
       Punch             |       |     1 |     3 ||     4
Throw: Dart              |       |       |     3 ||     3
Evoke: Wand              |    11 |     3 |     9 ||    23
  Use: Potion            |     1 |     1 |     4 ||     6
       Scroll            |     1 |       |     1 ||     2
 Stab: Sleeping          |     3 |     6 |       ||     9
       Distracted        |       |       |     1 ||     1
Armor: Leather armour    |     7 |       |       ||     7
       Scale mail        |     9 |    54 |    23 ||    86
       Skin              |       |       |     2 ||     2
Dodge: Dodged            |    39 |    52 |    41 ||   132
